 Dungeon Crawl Stone Soup version 0.17.1-1-g73c8601 (webtiles) character file.

153 Andry07 the Shield-Bearer (level 5, -4/29 HPs)
             Began as a Vine Stalker Fighter on Dec 31, 2015.
             Killed from afar by an orc wizard (7 damage)
             ... with a magic dart
             ... on level 3 of the Dungeon.
             The game lasted 00:03:48 (1585 turns).

Andry07 the Shield-Bearer (Vine Stalker Fighter)    Turns: 1585, Time: 00:03:48

Health: -4/29      AC:  8    Str: 20    XL:     5   Next: 35%
Magic:  0/6        EV:  9    Int:  8    God:
Gold:   149        SH:  0    Dex: 13    Spells: 0 memorised, 4 levels left

rFire  + . .     SeeInvis .     j - +4 great sword
rCold  + . .     Clarity  .     b - +0 scale mail
rNeg   . . .     SustAt   .     (shield currently unavailable)
rPois  .         Gourm    .     n - +0 helmet
rElec  .         Spirit   +     (no cloak)
rCorr  .         Warding  .     (no gloves)
rMut   .         Stasis   .     u - +0 pair of boots
MR     .....                    (no amulet)
Stlth  ..........               w - ring of protection from cold
                                p - ring of protection from fire

@: drained, not resistant to hostile enchantments, extremely unstealthy
A: fangs 2, regeneration 1, magic shield, antimagic bite, no device heal 3, rot
immunity
a: no special abilities


You were on level 3 of the Dungeon.
You were not hungry.

You visited 1 branch of the dungeon, and saw 4 of its levels.

You collected 149 gold pieces.

Inventory:

Hand Weapons
 a - a +0 long sword
 j - a +4 great sword (weapon)
Missiles
 h - 5 tomahawks (quivered)
Armour
 b - a +0 scale mail (worn)
 c - a +0 shield
 n - a +0 helmet (worn)
 u - a +0 pair of boots (worn)
Jewellery
 p - a ring of protection from fire (left hand)
 w - a ring of protection from cold (right hand)
Wands
 r - a wand of enslavement (10)
Scrolls
 f - a scroll of enchant armour {unknown}
 m - 4 scrolls of fear {unknown}
 q - 3 scrolls of identify {unknown}
 x - 2 scrolls of teleportation {unknown}
 y - a scroll of remove curse {unknown}
Potions
 d - 3 potions of might
 g - a potion of haste {unknown}
 i - a potion of flight {unknown}
 l - a potion of resistance {unknown}
 s - 2 potions of mutation {unknown}
Comestibles
 e - 3 bread rations
 k - a beef jerky
 o - 3 fruits
 t - 2 chunks of flesh


   Skills:
 + Level 3.7(3.5) Fighting
 + Level 3.1(2.9) Long Blades
 - Level 2.4(2.2) Armour
 + Level 3.8(3.6) Shields


You had 4 spell levels left.
You didn't know any spells.

Dungeon Overview and Level Annotations

Branches:
Dungeon (4/15)
 Temple: D:4-7

Altars:
Dithmenos
The Shining One

Annotations:
D:4 Andry07's ghost, novice VSFi; Pikel


Innate Abilities, Weirdness & Mutations

You have extremely sharp teeth.
Your natural rate of healing is unusually fast.
When hurt, damage is shared between your health and your magic reserves.
Your bite disrupts and absorbs the magic of your enemies.
Potions and wands cannot restore your health.
You are immune to rotting.


Message History

You barely miss Andry07's ghost.
You bite Andry07's ghost, but do no damage.
Andry07's ghost is moderately damaged.
Andry07's ghost barely misses you.
You slash Andry07's ghost!
Andry07's ghost is severely damaged.
Andry07's ghost hits you!
* * * LOW HITPOINT WARNING * * *
The orc wizard hits you but does no damage.
Andry07's ghost hits you!
* * * LOW HITPOINT WARNING * * *
The slave shouts!
The orc wizard hits you but does no damage.
Andry07's ghost barely misses you.
You climb upwards.
The ghost fades into the shadows.
Andry07's ghost disappears!
There is a stone staircase leading down here.
The orc wizard points at you and mumbles some strange words.
The magic dart hits you!
You die...

#.# ###..# ##...#...# #.#
##.#########..# #.#
#...[.....###.# #.#
#####..)[.....###.. #)#
#.......)....<.###. #.#
##.###..........#### #.#
#...##............## #(#
#....o.####.##.##.## #.#
#..@##.####.....#..# #(#
#...##>..#####.....# ##.#
#......#.#######<..# #..#
#......[.......รท.... #(##
#...#..>............ ##(#
#...##..........#.#.
#..####...###..>#######...
#.###.....# ##...# #####..
#.###.########.#.###......


You could see an orc wizard.

Vanquished Creatures
  A slave (D:3)
  An orc priest (D:3)
  Natasha (D:3)
  3 adders
  2 oozes
  2 worms
  2 giant geckos
  8 orcs
  5 giant cockroaches (D:1)
  6 hobgoblins
  2 ball pythons (D:1)
  A bat (D:1)
  2 giant newts (D:2)
  9 goblins
  5 kobolds
  5 rats
55 creatures vanquished.

Notes
Turn   | Place    | Note
--------------------------------------------------------------
     0 | D:1      | Andry07 the Vine Stalker Fighter began the quest for the Orb.
     0 | D:1      | Reached XP level 1. HP: 11/11 MP: 2/2
   166 | D:1      | Reached skill level 3 in Fighting
   166 | D:1      | Reached XP level 2. HP: 8/16 MP: 3/3
   521 | D:1      | Reached XP level 3. HP: 20/20 MP: 4/4
   691 | D:2      | Found a shadowy altar of Dithmenos.
  1092 | D:3      | Reached XP level 4. HP: 24/24 MP: 5/5
  1320 | D:3      | Noticed Natasha
  1322 | D:3      | Found a faded altar to an unknown god.
  1323 | D:3      | Killed Natasha
  1323 | D:3      | Reached XP level 5. HP: 27/29 MP: 6/6
  1555 | D:4      | Noticed Pikel
  1555 | D:4      | Noticed a slave
  1555 | D:4      | Noticed a slave
  1555 | D:4      | Noticed a slave
  1555 | D:4      | Noticed an ogre
  1558 | D:4      | Noticed a slave
  1567 | D:3      | Killed a slave
  1572 | D:4      | Found a glowing golden altar of the Shining One.
  1572 | D:4      | Noticed Andry07's ghost (novice VSFi)
  1579 | D:4      | HP: 1/29 [Andry07's ghost (6)]
  1585 | D:3      | Killed from afar by an orc wizard

Action                   |  1- 3 |  4- 6 || total
-------------------------+-------+-------++-------
Melee: Long sword        |    47 |       ||    47
       Great sword       |    36 |    54 ||    90
  Eat: Chunk             |       |     2 ||     2
